[ AOE2 MATCH · #484192822 ]
UnrankedVietnamese vs Malay
[ REPLAY ANALYSIS · EXTRACTED FROM THE RECORDED GAME ]
Feudal
14:00
Castle
—
Imperial
—
| APM avg | 19.3 |
| APM peak | 54 |
| eAPM avg | 10.4 |
| Villagers / military | 50 / 32 |
Focus
⚔️ 33.5% · 🌾 66.5%
Archer ×29 · Militia ×3
Feudal
14:25
Castle
21:59
Imperial
29:50
| APM avg | 31.3 |
| APM peak | 65 |
| eAPM avg | 16.6 |
| Villagers / military | 98 / 106 |
Focus
⚔️ 29.7% · 🌾 70.3%
Battle Elephant ×52 · Karambit Warrior ×40 · Fishing Ship ×16 · Unknown (2626) ×12 · Trebuchet (Packed) ×8 · Mangonel ×3
Feudal
13:24
Castle
19:40
Imperial
—
| APM avg | 22.9 |
| APM peak | 64 |
| eAPM avg | 15.5 |
| Villagers / military | 105 / 107 |
Focus
⚔️ 33.7% · 🌾 66.3%
Woad Raider ×88 · Fishing Ship ×12 · Battering Ram ×12 · Unknown (2626) ×7 · Galley ×4 · Mangonel ×1
Feudal
13:16
Castle
22:09
Imperial
41:36
| APM avg | 42.8 |
| APM peak | 95 |
| eAPM avg | 19.8 |
| Villagers / military | 126 / 57 |
Focus
⚔️ 17.8% · 🌾 82.2%
Archer ×33 · Battle Elephant ×14 · Fishing Ship ×12 · Battering Ram ×8 · Trebuchet (Packed) ×2
Match map
Initial resources + every placement click. Lines = walls · curves = elevation contours. ◆ gold · ⬟ stone · ● berries · ✦ relic · ◌ wall gap
Your base· Open — 13t gap
Faker's base· Open — unwalled flank
AZINO777's base· Open — unwalled flank
axjhbl90's base· Open — 2t gap
Smoothed initial terrain · ◌ = detected wall gap · hover for details
Inputs per minute
— GreenAtheris - - Faker
Build order — GreenAtheris
109 actions detected in the replay
| 1:18 | Build | Town Center |
| 2:16 | Build | House |
| 2:38 | Build | Mill |
| 3:21 | Create | Villager (Male) |
| 3:21 | Research | Loom |
| 3:22 | Create | Villager (Male) ×3 |
| 5:00 | Build | House |
| 5:06 | Create | Villager (Male) |
| 5:06 | Create | Villager (Male) |
| 5:07 | Create | Villager (Male) |
| 6:50 | Create | Villager (Male) ×2 |
| 7:23 | Create | Villager (Male) ×3 |
| 7:50 | Build | House |
| 8:08 | Build | House |
| 8:41 | Create | Villager (Male) |
| 8:50 | Create | Villager (Male) ×3 |
| 8:59 | Create | Villager (Male) ×2 |
| 9:44 | Create | Villager (Male) ×3 |
| 10:27 | Create | Villager (Male) |
| 10:27 | Create | Villager (Male) |
| 11:22 | Build | Mining Camp |
| 11:47 | Research | Feudal Age |
| 12:28 | Create | Villager (Male) |
| 12:57 | Build | House |
| 13:22 | Build | Barracks |
| 13:39 | Create | Villager (Male) ×3 |
| 14:00 | Age | Feudal Age |
| 14:03 | Research | Town Watch |
| 14:04 | Create | Villager (Male) ×2 |
| 14:10 | Build | Watch Tower |
| 14:37 | Build | Watch Tower |
| 15:36 | Build | Watch Tower |
| 15:46 | Create | Villager (Male) ×3 |
| 15:54 | Build | Archery Range |
| 16:47 | Create | Archer ×4 |
| 17:00 | Build | Watch Tower |
| 17:02 | Create | Militia |
| 18:10 | Create | Archer |
| 18:10 | Create | Archer |
| 18:20 | Create | Villager (Male) |
| 18:20 | Create | Villager (Male) |
| 18:29 | Create | Archer |
| 19:29 | Build | Watch Tower |
| 19:33 | Create | Militia |
| 19:36 | Create | Archer |
| 19:47 | Build | House |
| 19:47 | Build | House |
| 19:48 | Build | House |
| 20:05 | Create | Archer |
| 20:26 | Build | Blacksmith |
| 20:37 | Create | Archer |
| 20:46 | Build | House |
| 20:51 | Build | Stone Wall |
| 21:26 | Create | Militia |
| 21:39 | Build | Lumber Camp |
| 22:49 | Build | Farm |
| 22:52 | Build | Farm |
| 22:53 | Create | Villager (Male) |
| 23:29 | Create | Archer |
| 23:30 | Create | Archer |
| 23:30 | Create | Archer |
| 23:48 | Build | Farm |
| 23:49 | Create | Villager (Male) |
| 23:57 | Build | Stone Wall |
| 24:28 | Build | Stone Wall |
| 24:36 | Build | Gate |
| 24:40 | Create | Villager (Male) |
| 24:53 | Build | Stone Wall |
| 24:55 | Build | Stone Wall |
| 25:02 | Build | Gate |
| 25:11 | Build | Farm |
| 25:12 | Create | Villager (Male) |
| 26:25 | Build | Lumber Camp |
| 26:54 | Build | Stone Wall |
| 27:00 | Build | Stone Wall |
| 27:35 | Build | Stone Wall |
| 29:22 | Create | Archer ×5 |
| 29:32 | Create | Archer |
| 29:32 | Create | Archer |
| 29:56 | Build | Gate |
| 30:35 | Research | Fletching |
| 31:27 | Build | Mining Camp |
| 32:00 | Research | Padded Archer Armor |
| 32:08 | Build | Watch Tower |
| 35:30 | Build | Market |
| 36:52 | Build | Town Center |
| 38:32 | Create | Villager (Male) ×5 |
| 38:40 | Create | Archer |
| 38:41 | Create | Archer |
| 38:41 | Create | Archer |
| 38:41 | Create | Archer |
| 40:00 | Create | Villager (Male) ×2 |
| 40:49 | Build | Farm |
| 40:50 | Build | Farm |
| 40:54 | Build | Farm |
| 40:55 | Build | Farm |
| 41:12 | Create | Villager (Male) ×2 |
| 41:50 | Create | Archer |
| 41:50 | Create | Archer |
| 41:51 | Create | Archer |
| 42:35 | Build | Farm |
| 42:37 | Build | Farm |
| 42:49 | Create | Villager (Male) |
| 42:50 | Create | Villager (Male) |
| 42:50 | Create | Villager (Male) |
| 43:04 | Create | Archer |
| 43:04 | Create | Archer |
| 44:38 | Build | House |
| 44:39 | Build | House |
Build order — Faker
First 150 of 349 actions detected
| 1:02 | Build | Town Center |
| 1:17 | Build | Dock |
| 1:19 | Build | House |
| 3:00 | Create | Villager (Male) |
| 3:00 | Create | Villager (Male) |
| 3:00 | Create | Villager (Male) |
| 3:01 | Create | Villager (Male) |
| 3:40 | Research | Loom |
| 3:55 | Create | Fishing Ship |
| 4:19 | Build | House |
| 4:55 | Create | Villager (Male) |
| 4:58 | Create | Villager (Male) |
| 5:45 | Create | Villager (Male) |
| 5:46 | Create | Villager (Male) |
| 5:51 | Create | Villager (Male) |
| 6:36 | Create | Fishing Ship |
| 6:43 | Create | Villager (Male) |
| 6:43 | Create | Villager (Male) |
| 6:55 | Create | Villager (Male) |
| 7:02 | Build | House |
| 7:26 | Create | Fishing Ship |
| 7:55 | Create | Villager (Male) |
| 8:02 | Create | Fishing Ship |
| 8:10 | Build | House |
| 8:31 | Create | Villager (Male) |
| 8:31 | Create | Villager (Male) |
| 8:37 | Create | Fishing Ship |
| 8:56 | Create | Villager (Male) |
| 9:01 | Build | House |
| 9:07 | Create | Fishing Ship |
| 9:55 | Create | Villager (Male) |
| 10:23 | Build | House |
| 10:24 | Create | Villager (Male) |
| 10:27 | Build | Mining Camp |
| 10:32 | Create | Villager (Male) |
| 10:35 | Create | Fishing Ship |
| 11:03 | Build | Dock |
| 11:05 | Build | House |
| 11:09 | Create | Villager (Male) |
| 11:31 | Create | Fishing Ship |
| 11:47 | Create | Villager (Male) |
| 11:53 | Create | Fishing Ship |
| 12:05 | Build | House |
| 12:14 | Create | Villager (Male) |
| 12:39 | Build | Mining Camp |
| 12:42 | Create | Villager (Male) |
| 13:00 | Research | Feudal Age |
| 13:09 | Build | Lumber Camp |
| 13:20 | Build | House |
| 13:24 | Create | Fishing Ship |
| 13:27 | Create | Fishing Ship |
| 14:10 | Create | Villager (Male) |
| 14:10 | Create | Villager (Male) |
| 14:25 | Age | Feudal Age |
| 14:31 | Create | Unit 2626 |
| 14:31 | Create | Unit 2626 |
| 14:37 | Create | Unit 2626 |
| 14:37 | Create | Unit 2626 |
| 14:43 | Research | Tech 906 |
| 14:49 | Research | Double-Bit Axe |
| 14:55 | Create | Villager (Male) |
| 14:57 | Build | House |
| 15:13 | Build | Mill |
| 15:33 | Create | Fire Galley |
| 15:33 | Create | Unit 2626 |
| 16:21 | Create | Unit 2626 |
| 16:22 | Create | Unit 2626 |
| 16:40 | Research | Town Watch |
| 16:41 | Create | Villager (Male) |
| 16:47 | Build | Blacksmith |
| 16:50 | Build | Market |
| 17:33 | Build | House |
| 17:35 | Build | Farm |
| 17:36 | Create | Villager (Male) |
| 17:46 | Create | Fishing Ship |
| 17:47 | Create | Fishing Ship |
| 17:54 | Create | Fishing Ship |
| 17:54 | Create | Fishing Ship |
| 18:10 | Build | Farm |
| 18:21 | Create | Villager (Male) |
| 19:05 | Build | Farm |
| 20:23 | Research | Castle Age |
| 20:26 | Build | Farm |
| 20:31 | Create | Unit 2626 |
| 20:31 | Create | Unit 2626 |
| 20:31 | Create | Unit 2626 |
| 21:07 | Build | Fish Trap |
| 21:39 | Build | Fish Trap |
| 21:42 | Build | Fish Trap |
| 21:45 | Build | Fish Trap |
| 21:52 | Create | Demolition Raft |
| 21:52 | Create | Demolition Raft |
| 21:59 | Age | Castle Age |
| 22:32 | Research | War Galley (upgrade) |
| 22:32 | Research | Gillnets |
| 22:45 | Create | Villager (Male) |
| 22:52 | Build | House |
| 22:56 | Build | House |
| 23:06 | Build | Town Center |
| 23:44 | Build | House |
| 23:45 | Build | House |
| 23:45 | Build | House |
| 23:46 | Build | House |
| 23:55 | Build | Fish Trap |
| 23:56 | Build | Fish Trap |
| 24:00 | Create | Fishing Ship |
| 24:03 | Build | Fish Trap |
| 24:08 | Build | Farm |
| 24:09 | Create | Villager (Male) |
| 24:09 | Create | Villager (Male) |
| 24:13 | Research | Town Patrol |
| 24:13 | Research | Wheelbarrow |
| 24:35 | Create | Villager (Male) |
| 24:54 | Create | Villager (Male) |
| 24:55 | Create | Villager (Male) |
| 24:55 | Create | Villager (Male) |
| 25:27 | Create | Unit 2626 |
| 25:27 | Create | Unit 2626 |
| 25:56 | Build | Castle |
| 26:00 | Build | Fish Trap |
| 26:02 | Build | House |
| 26:09 | Build | Lumber Camp |
| 26:11 | Research | Bow Saw |
| 26:29 | Create | Villager (Male) |
| 26:33 | Research | Gold Mining |
| 27:16 | Build | Mining Camp |
| 27:31 | Create | Villager (Male) |
| 27:31 | Create | Villager (Male) |
| 27:31 | Create | Villager (Male) |
| 27:46 | Research | Imperial Age |
| 28:05 | Create | Villager (Male) |
| 28:05 | Create | Villager (Male) |
| 28:06 | Create | Villager (Male) |
| 28:07 | Create | Villager (Male) |
| 28:07 | Create | Villager (Male) |
| 28:21 | Build | Castle |
| 28:27 | Create | Villager (Male) |
| 28:28 | Create | Villager (Male) |
| 28:41 | Build | Town Center |
| 29:46 | Build | Barracks |
| 29:47 | Build | Siege Workshop |
| 29:50 | Age | Imperial Age |
| 30:03 | Create | Villager (Male) |
| 30:04 | Create | Villager (Male) |
| 30:06 | Create | Villager (Male) |
| 30:06 | Create | Villager (Male) |
| 30:08 | Create | Trebuchet (Packed) |
| 30:31 | Create | Mangonel |
| 30:45 | Build | Mining Camp |
| 31:18 | Build | Castle |
Build order — AZINO777
First 150 of 344 actions detected
| 0:42 | Build | Town Center |
| 2:03 | Build | House |
| 2:52 | Create | Villager (Male) |
| 2:52 | Create | Villager (Male) |
| 2:53 | Research | Loom |
| 3:42 | Build | Dock |
| 3:46 | Create | Villager (Male) |
| 3:51 | Create | Villager (Male) |
| 4:35 | Build | House |
| 5:01 | Create | Villager (Male) |
| 5:01 | Create | Villager (Male) |
| 5:37 | Create | Villager (Male) |
| 5:37 | Create | Villager (Male) |
| 6:36 | Build | House |
| 6:39 | Create | Villager (Male) |
| 6:39 | Create | Villager (Male) |
| 7:13 | Create | Fishing Ship |
| 7:23 | Create | Villager (Male) |
| 7:27 | Create | Villager (Male) |
| 7:58 | Create | Villager (Male) |
| 8:12 | Create | Fishing Ship |
| 8:47 | Build | Palisade Wall |
| 8:49 | Build | Palisade Wall |
| 8:50 | Build | Palisade Wall |
| 8:52 | Build | Palisade Wall |
| 8:53 | Build | Palisade Wall |
| 8:55 | Build | Palisade Wall |
| 8:57 | Build | Palisade Wall |
| 8:59 | Build | Palisade Wall |
| 8:59 | Build | Palisade Wall |
| 9:02 | Create | Villager (Male) |
| 9:02 | Create | Villager (Male) |
| 9:04 | Create | Fishing Ship |
| 9:08 | Build | House |
| 9:31 | Create | Fishing Ship |
| 9:32 | Create | Villager (Male) |
| 10:04 | Create | Villager (Male) |
| 10:14 | Create | Fishing Ship |
| 10:39 | Build | Lumber Camp |
| 10:42 | Create | Villager (Male) |
| 10:48 | Build | House |
| 11:14 | Research | Feudal Age |
| 12:01 | Create | Fishing Ship |
| 12:01 | Create | Fishing Ship |
| 12:09 | Build | Dock |
| 12:25 | Build | Mill |
| 12:54 | Build | House |
| 13:00 | Create | Fishing Ship |
| 13:24 | Age | Feudal Age |
| 13:29 | Research | Double-Bit Axe |
| 13:32 | Create | Demolition Raft |
| 13:34 | Create | Fishing Ship |
| 13:39 | Create | Fishing Ship |
| 13:49 | Create | Villager (Male) |
| 13:50 | Create | Villager (Male) |
| 14:22 | Build | Market |
| 14:24 | Create | Villager (Male) |
| 14:35 | Research | Tech 906 |
| 14:37 | Create | Villager (Male) |
| 14:51 | Build | House |
| 15:08 | Create | Villager (Male) |
| 15:16 | Create | Fishing Ship |
| 15:18 | Create | Fishing Ship |
| 15:25 | Create | Villager (Male) |
| 15:38 | Build | House |
| 15:46 | Build | Palisade Wall |
| 15:57 | Build | Mill |
| 16:19 | Create | Villager (Male) |
| 16:22 | Build | Blacksmith |
| 16:39 | Build | House |
| 16:40 | Build | House |
| 16:43 | Build | House |
| 16:47 | Build | House |
| 16:50 | Build | Palisade Wall |
| 16:52 | Create | Villager (Male) |
| 17:00 | Research | Castle Age |
| 17:03 | Research | Horse Collar |
| 17:49 | Build | Mining Camp |
| 18:16 | Research | Stone Mining |
| 18:47 | Create | Unit 2626 |
| 18:47 | Create | Unit 2626 |
| 19:26 | Create | Unit 2626 |
| 19:26 | Create | Unit 2626 |
| 19:40 | Age | Castle Age |
| 19:47 | Research | War Galley (upgrade) |
| 20:03 | Create | Unit 2626 |
| 20:07 | Create | Villager (Male) |
| 20:08 | Create | Villager (Male) |
| 20:08 | Create | Villager (Male) |
| 20:32 | Research | Bow Saw |
| 21:02 | Create | Villager (Male) |
| 21:02 | Create | Villager (Male) |
| 21:15 | Build | House |
| 21:31 | Build | Dock |
| 22:02 | Create | Villager (Male) |
| 22:28 | Research | Fletching |
| 22:37 | Build | Castle |
| 22:50 | Create | Villager (Male) |
| 22:50 | Create | Villager (Male) |
| 22:52 | Research | Wheelbarrow |
| 22:57 | Create | Galley |
| 22:57 | Create | Galley |
| 23:18 | Build | Town Center |
| 23:59 | Create | Galley |
| 23:59 | Create | Galley |
| 24:32 | Create | Villager (Male) |
| 24:32 | Create | Villager (Male) |
| 24:32 | Create | Villager (Male) |
| 24:32 | Create | Villager (Male) |
| 25:17 | Create | Villager (Male) |
| 25:17 | Create | Villager (Male) |
| 25:31 | Build | Farm |
| 25:31 | Build | Farm |
| 25:31 | Build | Farm |
| 25:32 | Build | Farm |
| 25:32 | Build | Farm |
| 25:32 | Build | Farm |
| 25:32 | Build | Farm |
| 25:35 | Build | Farm |
| 25:54 | Create | Unit 2626 |
| 25:54 | Create | Unit 2626 |
| 26:06 | Create | Villager (Male) |
| 26:06 | Create | Villager (Male) |
| 26:07 | Create | Villager (Male) |
| 26:34 | Create | Villager (Male) |
| 26:34 | Create | Villager (Male) |
| 26:41 | Build | Town Center |
| 27:06 | Create | Villager (Male) |
| 27:06 | Create | Villager (Male) |
| 27:06 | Create | Villager (Male) |
| 27:39 | Research | Heavy Plow |
| 27:40 | Create | Villager (Male) |
| 27:40 | Create | Villager (Male) |
| 27:41 | Create | Villager (Male) |
| 27:42 | Create | Villager (Male) |
| 27:51 | Build | House |
| 28:04 | Build | Siege Workshop |
| 28:15 | Research | Bodkin Arrow |
| 28:18 | Create | Villager (Male) |
| 28:18 | Create | Villager (Male) |
| 28:19 | Create | Villager (Male) |
| 28:19 | Create | Villager (Male) |
| 28:27 | Build | Farm |
| 28:28 | Build | Farm |
| 28:28 | Build | Farm |
| 28:28 | Build | Farm |
| 28:28 | Build | Farm |
| 28:34 | Create | Villager (Male) |
| 28:50 | Build | Castle |
| 29:07 | Build | Castle |
Build order — axjhbl90
First 150 of 296 actions detected
| 0:08 | Build | Town Center |
| 2:01 | Build | House |
| 2:42 | Create | Villager (Male) |
| 2:42 | Create | Villager (Male) |
| 2:43 | Create | Villager (Male) |
| 2:43 | Create | Villager (Male) |
| 2:43 | Create | Villager (Male) |
| 2:58 | Build | Dock |
| 4:01 | Create | Fishing Ship |
| 4:21 | Create | Villager (Male) |
| 4:21 | Create | Villager (Male) |
| 4:22 | Create | Villager (Male) |
| 4:40 | Build | House |
| 4:48 | Create | Villager (Male) |
| 4:48 | Create | Villager (Male) |
| 5:14 | Create | Villager (Male) |
| 5:14 | Create | Villager (Male) |
| 5:34 | Build | House |
| 5:41 | Create | Villager (Male) |
| 5:42 | Create | Villager (Male) |
| 6:02 | Create | Villager (Male) |
| 6:03 | Create | Villager (Male) |
| 6:30 | Create | Villager (Male) |
| 6:30 | Create | Villager (Male) |
| 6:33 | Create | Fishing Ship |
| 6:33 | Create | Fishing Ship |
| 6:36 | Create | Villager (Male) |
| 7:06 | Create | Villager (Male) |
| 7:09 | Create | Fishing Ship |
| 7:16 | Build | House |
| 7:38 | Create | Villager (Male) |
| 7:38 | Create | Villager (Male) |
| 7:51 | Build | House |
| 7:56 | Create | Villager (Male) |
| 7:56 | Create | Villager (Male) |
| 7:58 | Create | Fishing Ship |
| 8:23 | Build | House |
| 8:26 | Create | Villager (Male) |
| 8:31 | Create | Villager (Male) |
| 8:40 | Create | Fishing Ship |
| 9:16 | Create | Villager (Male) |
| 9:16 | Create | Villager (Male) |
| 9:27 | Create | Villager (Male) |
| 9:32 | Build | Lumber Camp |
| 9:40 | Create | Fishing Ship |
| 9:51 | Create | Villager (Male) |
| 10:35 | Build | Mining Camp |
| 10:49 | Create | Fishing Ship |
| 11:00 | Research | Feudal Age |
| 11:34 | Build | Dock |
| 12:18 | Build | Barracks |
| 12:44 | Build | House |
| 12:49 | Build | Palisade Wall |
| 13:16 | Research | Loom |
| 13:16 | Age | Feudal Age |
| 13:17 | Research | Wheelbarrow |
| 13:17 | Research | Wheelbarrow |
| 13:21 | Build | Archery Range |
| 13:25 | Research | Double-Bit Axe |
| 13:25 | Research | Double-Bit Axe |
| 13:46 | Research | Gold Mining |
| 13:49 | Create | Villager (Male) |
| 13:49 | Create | Villager (Male) |
| 13:54 | Create | Archer |
| 13:54 | Create | Archer |
| 13:55 | Create | Archer |
| 14:04 | Create | Villager (Male) |
| 14:23 | Create | Archer |
| 14:37 | Create | Archer |
| 14:46 | Create | Villager (Male) |
| 15:00 | Build | Archery Range |
| 15:13 | Build | Blacksmith |
| 15:15 | Create | Villager (Male) |
| 15:37 | Create | Villager (Male) |
| 15:50 | Build | Watch Tower |
| 16:01 | Research | Town Watch |
| 16:01 | Create | Villager (Male) |
| 16:02 | Create | Villager (Male) |
| 16:17 | Create | Archer |
| 16:45 | Build | Lumber Camp |
| 16:53 | Build | House |
| 16:59 | Research | Fletching |
| 16:59 | Research | Fletching |
| 17:04 | Create | Archer |
| 17:04 | Create | Archer |
| 17:08 | Build | House |
| 18:16 | Create | Archer ×3 |
| 18:30 | Build | Mill |
| 18:51 | Build | Market |
| 19:14 | Research | Padded Archer Armor |
| 19:14 | Research | Padded Archer Armor |
| 19:29 | Research | Castle Age |
| 19:29 | Research | Castle Age |
| 19:46 | Create | Archer |
| 19:46 | Create | Archer |
| 19:47 | Create | Archer |
| 19:57 | Create | Archer |
| 19:57 | Create | Archer |
| 20:41 | Create | Fishing Ship |
| 20:41 | Create | Fishing Ship |
| 20:44 | Create | Fishing Ship |
| 20:44 | Create | Fishing Ship |
| 20:50 | Build | Dock |
| 21:22 | Create | Archer |
| 21:25 | Build | House |
| 21:32 | Build | House |
| 21:33 | Build | House |
| 21:37 | Build | House |
| 22:09 | Age | Castle Age |
| 22:10 | Create | Villager (Male) |
| 22:10 | Create | Villager (Male) |
| 22:11 | Create | Villager (Male) |
| 22:11 | Create | Villager (Male) |
| 22:31 | Research | Crossbowman (upgrade) |
| 22:31 | Research | Crossbowman (upgrade) |
| 22:44 | Build | Town Center |
| 23:31 | Create | Archer |
| 23:31 | Create | Archer |
| 23:58 | Create | Villager (Male) |
| 23:59 | Create | Villager (Male) |
| 23:59 | Create | Villager (Male) |
| 23:59 | Create | Villager (Male) |
| 25:08 | Build | Town Center |
| 25:54 | Create | Villager (Male) |
| 25:54 | Create | Villager (Male) |
| 25:55 | Create | Villager (Male) |
| 26:27 | Create | Villager (Male) |
| 26:27 | Create | Villager (Male) |
| 26:30 | Build | Farm |
| 26:31 | Build | Farm |
| 26:55 | Create | Villager (Male) |
| 26:55 | Create | Villager (Male) |
| 27:04 | Build | Farm |
| 27:37 | Build | Lumber Camp |
| 28:39 | Create | Archer |
| 28:39 | Create | Archer |
| 28:39 | Create | Archer |
| 28:39 | Create | Archer |
| 28:46 | Create | Villager (Male) |
| 28:46 | Create | Villager (Male) |
| 29:07 | Build | Town Center |
| 29:10 | Create | Villager (Male) |
| 29:10 | Create | Villager (Male) |
| 29:41 | Create | Archer |
| 29:42 | Create | Archer |
| 30:04 | Build | University |
| 30:06 | Research | Bow Saw |
| 30:06 | Research | Bow Saw |
| 30:16 | Build | Farm |
| 30:16 | Build | Farm |
Match timeline
| 1:17 | Faker · first_building Dock |
| 2:58 | axjhbl90 · first_building Dock |
| 3:42 | AZINO777 · first_building Dock |
| 8:47 | AZINO777 · wall_segment Palisade Wall x1 |
| 8:49 | AZINO777 · wall_segment Palisade Wall x1 |
| 8:50 | AZINO777 · wall_segment Palisade Wall x1 |
| 8:52 | AZINO777 · wall_segment Palisade Wall x1 |
| 8:53 | AZINO777 · wall_segment Palisade Wall x1 |
| 8:55 | AZINO777 · wall_segment Palisade Wall x1 |
| 8:57 | AZINO777 · wall_segment Palisade Wall x1 |
| 8:59 | AZINO777 · wall_segment Palisade Wall x1 |
| 8:59 | AZINO777 · wall_segment Palisade Wall x1 |
| 12:18 | axjhbl90 · first_building Barracks |
| 12:49 | axjhbl90 · wall_segment Palisade Wall x8 |
| 13:16 | axjhbl90 · age_up feudal |
| 13:21 | axjhbl90 · first_building Archery Range |
| 13:22 | GreenAtheris · first_building Barracks |
| 13:24 | AZINO777 · age_up feudal |
| 14:00 | GreenAtheris · age_up feudal |
| 14:25 | Faker · age_up feudal |
| 15:46 | AZINO777 · wall_segment Palisade Wall x1 |
| 15:54 | GreenAtheris · first_building Archery Range |
| 16:50 | AZINO777 · wall_segment Palisade Wall x1 |
| 19:26 | axjhbl90 · first_market_sell 100 wood |
| 19:40 | AZINO777 · age_up castle |
| 20:51 | GreenAtheris · wall_segment Stone Wall x9 |
| 21:59 | Faker · age_up castle |
| 22:09 | axjhbl90 · age_up castle |
| 22:13 | Faker · first_market_sell 100 wood |
| 22:37 | AZINO777 · first_building Castle |
| 23:46 | axjhbl90 · first_market_buy 100 stone |
| 23:57 | GreenAtheris · wall_segment Stone Wall x10 |
| 24:28 | GreenAtheris · wall_segment Stone Wall x14 |
| 24:53 | GreenAtheris · wall_segment Stone Wall x2 |
| 24:55 | GreenAtheris · wall_segment Stone Wall x10 |
| 25:56 | Faker · first_building Castle |
| 26:54 | GreenAtheris · wall_segment Stone Wall x14 |
| 27:00 | GreenAtheris · wall_segment Stone Wall x11 |
| 27:35 | GreenAtheris · wall_segment Stone Wall x11 |
| 28:04 | AZINO777 · first_building Siege Workshop |
| 29:46 | Faker · first_building Barracks |
| 29:47 | Faker · first_building Siege Workshop |
| 29:50 | Faker · age_up imperial |
| 30:32 | AZINO777 · tribute_sent a jugador 1 |
| 30:32 | AZINO777 · tribute_sent a jugador 3 |
| 30:32 | AZINO777 · tribute_sent a jugador 4 |
| 31:09 | AZINO777 · first_market_buy 100 food |
| 36:11 | axjhbl90 · first_building Siege Workshop |
| 36:26 | GreenAtheris · first_market_buy 100 stone |
| 37:23 | Faker · first_building Stable |
| 39:20 | Faker · first_market_buy 100 food |
| 40:36 | axjhbl90 · first_building Stable |
| 41:36 | axjhbl90 · age_up imperial |
| 41:39 | axjhbl90 · first_building Castle |
| 42:34 | AZINO777 · first_market_sell 500 wood |
| 45:06 | AZINO777 · resign |
[ AI ANALYSIS · 1 CREDIT ]
What really happened in this match?
Wolo.gg analyzes every decision: build order, eco, micro, common mistakes by bracket. Personalized analysis on WhatsApp or Discord in 30 seconds.
Civ guide
Vietnamese
Perfil
Jugador #14505254